Map: Abiogênese LE

Players

IagoAbreu - Winner!

  • Race: Zerg Zerg
  • League: Silver
  • Spawn Location: 5:00

Slayer

  • Race: Protoss Protoss
  • League: Silver
  • Spawn Location: 11:00

VOD

Have the link to the VOD?

Description

Time

  • Played on: Feb. 23, 2018, 9:30 p.m.
  • Length: 4:30
Show
View Real Time Build Order
Export as new Build Order

IagoAbreu Zerg - Winner!

Build Orders: Hatch First 

Get SALT Encoding   

  12  0:29  Hatchery  
  12  0:34  Drone  
  12  0:36  Drone  
  13  0:46  Overlord  
  13  0:52  Drone  
  14  1:00  Overlord  
  14  1:16  Spawning Pool  
  13  1:20  Drone  
  14  1:28  Drone  
  15  1:38  Drone  
  16  1:42  Drone  
  17  1:53  Drone  
  17  1:54  Drone  
  19  1:58  Extractor  
  19  2:01  Extractor  
  17  2:10  Zergling x6  
  20  2:24  Zergling x6  
  20  2:27  Queen  
  20  2:28  Queen  
  27  2:32  Drone  
  28  2:41  Drone  
  26  3:14  Zergling x6  
  26  3:15  Zergling x6  
  32  3:44  Zergling x8  
Show
View Real Time Build Order
Export as new Build Order

Slayer Protoss 

Build Orders: Double Forge 

Get SALT Encoding   

  12  2:12  Probe (Chrono Boost)  
  13  2:16  Nexus  
  13  2:22  Pylon, Probe (Chrono Boost)  
  14  2:25  Pylon  
  14  2:27  Probe (Chrono Boost)  
  14  2:29  Assimilator  
  15  2:33  Assimilator  
  15  2:40  Probe  
  15  2:43  Assimilator  
  16  2:47  Assimilator  
  16  2:49  Pylon  
  16  2:52  Probe  
  16  2:53  Pylon  
  16  2:57  Pylon  
  17  3:01  Pylon  
  10  3:16  Probe  
  11  3:22  Forge  
  11  3:28  Probe  
  12  3:35  Forge  
  12  3:40  Probe  
  8  3:52  Probe  
  7  4:04  Probe  
  7  4:11  Photon Cannon  
Tags
 
Add a new tag
Caveats
  • Supply blocks, unpowered buildings, or Contaminate may cause inaccurate times.
  • Supply counts are checked every 10 seconds.